 Dungeon Crawl Stone Soup version 0.26.1-11-gd32895ea62 (webtiles) character file.

Game seed: 12245091121634575736

55017 hawla the Cruncher (level 14, -13/117 HPs)
             Began as a Deep Elf Conjurer on June 24, 2021.
             Was the Champion of Vehumet.
             Mangled by an orc warrior
             ... wielding a +0 halberd
              (17 damage)
             ... while paralysed by an orc sorcerer
             ... on level 1 of the Orcish Mines on June 25, 2021.
             The game lasted 01:22:17 (23067 turns).

hawla the Cruncher (Deep Elf Conjurer)             Turns: 23067, Time: 01:22:18

Health: -13/117    AC: 27    Str:  6    XL:     14   Next: 36%
Magic:  4/32       EV:  2    Int: 31    God:    Vehumet [******]
Gold:   1120       SH:  0    Dex: 18    Spells: 25/37 levels left

rFire    + . .     SeeInvis .   A - +9 quarterstaff (flame)
rCold    . . .     Faith    .   (shield currently unavailable)
rNeg     + + +     Spirit   .   (armour currently unavailable)
rPois    +         Reflect  .   (helmet currently unavailable)
rElec    +         Harm     .   (cloak currently unavailable)
rCorr    .         Rampage  .   (gloves currently unavailable)
Will     ++...     NoTele   +   (boots currently unavailable)
Stlth    ++++++....             o - amulet of magic regeneration
HPRegen  0.29/turn              v - ring of Exoiga {+Fly rElec rF+ Dex+3}
MPRegen  0.48/turn              n - ring of willpower

@: paralysed, tree-form (expiring), attractive
A: thin skeletal structure 1, clever 1, strong 1
a: Renounce Religion


You were on level 1 of the Orcish Mines.
You worshipped Vehumet.
Vehumet was exalted by your worship.
You were a tree.
You visited 3 branches of the dungeon, and saw 18 of its levels.
You also visited: Ossuary and Bailey.

You collected 1769 gold pieces.
You spent 649 gold pieces at shops.

Inventory:

Hand Weapons
 A - a +9 quarterstaff of flaming (weapon)
Missiles
 e - 6 boomerangs of dispersal
 i - 7 javelins
 s - 20 boomerangs
 H - 40 poisoned darts (quivered)
Armour
 a - a +2 pair of gloves (melded)
 y - a +1 pair of boots
 B - a +1 cloak (melded)
 E - a +0 pair of boots of running (melded)
 R - the +5 robe of Quantum Leap (melded) {Str+4}
   (You bought it in a shop on level 9 of the Dungeon)

   It affects your strength (+4).
Jewellery
 c - an uncursed ring of fire
 j - an uncursed ring of stealth
 n - a ring of willpower (right branch)
 o - an amulet of magic regeneration (around neck)
 v - the ring of Exoiga (left branch) {+Fly rElec rF+ Dex+3}
   (You found it on level 4 of the Dungeon)

   [ring of protection from fire]

   It affects your dexterity (+3).
   It protects you from fire.
   It insulates you from electricity.
   It lets you fly.
 I - an uncursed amulet of the acrobat
 N - an uncursed ring of protection from fire
Wands
 u - a wand of paralysis (8)
 z - a wand of flame (18)
 L - a wand of enslavement (6)
 O - a wand of digging (12)
 P - a wand of disintegration (12)
 Q - a wand of iceblast (8)
 S - a wand of polymorph (22)
Scrolls
 f - 14 scrolls of teleportation
 h - 4 scrolls of amnesia
 m - 2 scrolls of magic mapping
 w - 2 scrolls of fog
 C - 11 scrolls of remove curse
 J - 5 scrolls of enchant weapon
 K - 7 scrolls of identify
Potions
 d - 5 potions of lignification
 g - 2 potions of cancellation
 k - 3 potions of haste
 l - 2 potions of heal wounds
 p - 16 potions of curing
 q - 3 potions of degeneration
 r - 3 potions of attraction
 t - 3 potions of flight
 x - a potion of invisibility
 F - a potion of ambrosia
 M - 3 potions of might


   Skills:
 - Level 5.0 Fighting
 + Level 13.2 Staves
 - Level 2.0 Throwing
 - Level 11.0 Dodging
 - Level 13.0 Stealth
 - Level 12.0 Spellcasting
 - Level 10.0 Conjurations
 - Level 7.0 Translocations
 - Level 9.0 Fire Magic
 - Level 1.0 Evocations


You had 25 spell levels left.
You knew the following spells:

 Your Spells              Type           Power        Failure   Level
a - Magic Dart            Conj           100%         1%          1
b - Searing Ray           Conj           100%         1%          2
c - Iskenderun's Mystic   Conj/Tloc      63%          1%          4
d - Blink                 Tloc           N/A          1%          2
e - Conjure Flame         Conj/Fire      67%          1%          3

Your spell library contained the following spells:

 Spells                   Type           Power        Failure   Level
 Eringya's Noxious Bog    Tmut/Pois      9%           67%         6
 Dazzling Flash           Conj/Hex       98%          1%          3
 Mephitic Cloud           Conj/Pois/Air  39%          1%          3
 Fulminant Prism          Conj/Hex       24%          1%          4
 Hailstorm                Conj/Ice       49%          1%          4
 Beastly Appendage        Tmut           36%          2%          1
 Call Imp                 Summ           18%          4%          2
 Passwall                 Tmut/Erth      15%          4%          2
 Slow                     Hex            18%          4%          2


Dungeon Overview and Level Annotations

Branches:
Dungeon (15/15)            Temple (1/1) D:7            Lair (0/6) D:10
    Orc (2/2) D:10         Vaults (0/5) D:13         Depths (0/5) D:15
Ossuary (visited)          Bailey (visited)
    Elf: Orc:2

Altars:
Ashenzari
Cheibriados
Dithmenos
Elyvilon
Fedhas
Gozag
Hepliaklqana
Kikubaaqudgha
Makhleb
Nemelex Xobeh
Okawaru
Qazlal
Ru
Sif Muna
Trog
Uskayaw
Vehumet
Wu Jian
Xom
Yredelemnul
Zin
The Shining One
Beogh

Shops:
D:4 (   D:5 !   D:9 :[[   D:11 }   Orc:1 :*:=!   Orc:2 [!?

Portals:
Abyss: D:5
Trove: D:14 (give +0 storm dragon scales)


Innate Abilities, Weirdness & Mutations

((You have a pair of small horns on your head.))
You have a somewhat thin skeletal structure. (Dex +2, Stealth)
Your mind is acute. (Int +2)
Your muscles are strong. (Str +2)
((You are occasionally teleported next to monsters.))


Message History

The orc sorcerer mumbles some strange words.
You feel troubled. The orc sorcerer barely misses you.
The orc warrior hits you but does no damage.
The orc sorcerer hits you but does no damage.
The orc sorcerer hits you but does no damage.
The orc warrior grunts loudly.
The orc warrior hits you from afar with a +0 halberd!
* * * LOW HITPOINT WARNING * * *
The chaos spawn gores you but does no damage.
The orc sorcerer gestures at you while chanting.
The bolt of fire hits you. You resist.
* * * LOW HITPOINT WARNING * * *
The orc warrior hits you from afar with a +0 halberd!
* * * LOW HITPOINT WARNING * * *
The chaos spawn degenerates into a cloud of primal chaos!
The orc sorcerer complains loudly.
The orc sorcerer hits you but does no damage.
The orc warrior hits you from afar with a +0 halberd!
You die...

* ### ### ### ######.##
####.###.## §§§##...###.#..)#...#
§§o§§§...#.....#♣..##
§§C§§§........oo#§##
#§#§§§§............#
.#.§§§.............#
..#.§§............##
..#C.§..........###**************
^.....#.........#,,,,,,,,,,,,,,,,
§...............#,,,,,,,,,,,,,,,,
................#,,8,,*,,*,,*,,8,


You could see an orc sorcerer and an orc warrior.

Vanquished Creatures
  Kirke (D:15)
  A fire dragon (D:15)
  Erolcha (Orc:2)
  4 hydras
  3 vault guards (D:13)
  An ice dragon (D:15)
  3 boulder beetles
  A two-headed ogre (D:12)
  3 centaur warriors (D:13)
  An orc high priest (Orc:2)
  An unseen horror (D:10)
  3 wizards (D:13)
  7 orc knights
  A necromancer (D:13)
  An orc sorcerer (Orc:1)
  11 ugly things
  A deep elf mage (D:10)
  3 manticores
  2 cyclopes
  2 gargoyles
  3 kobold demonologists
  An efreet (D:14)
  A komodo dragon (D:12)
  A freezing wraith (D:15)
  An ancient zyme (D:5)
  9 trolls
  8 slime creatures
  A meliai zombie (D:14)
  2 shadows
  A wyvern (D:10)
  A wraith (D:12)
  3 hogs
  13 yaks
  18 humans (D:13)
  4 vampire mosquitoes (D:13)
  5 wargs
  An acid dragon (D:12)
  2 water moccasins
  35 orc warriors
  A black bear (D:7)
  An eye of draining (shapeshifter) (D:15)
  4 phantoms
  6 sky beasts
  2 eyes of draining (D:14)
  5 ice beasts
  26 centaurs
  3 necrophages
  4 ogres
  The ghost of Ekaitz the Digger, an amateur DEEE of Vehumet (D:5)
  A big kobold (D:10)
  10 bullfrogs
  3 gnoll sergeants (D:12)
  A wyvern zombie (D:14)
  A wyvern skeleton (D:13)
  18 scorpions
  9 wights
  13 killer bees
  10 howler monkeys
  A small abomination (D:5)
  5 electric eels (Bailey)
  5 centaur zombies
  3 human zombies (Ossuary)
  3 bullfrog zombies
  4 jellies
  A quasit (D:8)
  3 bullfrog skeletons
  3 centaur skeletons
  24 orc priests
  Crazy Yiuf (D:4)
  11 hounds
  4 iguanas
  36 orc wizards
  An iron imp (D:5)
  Jessica (D:2)
  11 worker ants
  A killer bee zombie (D:10)
  3 mummies (Ossuary)
  A hound zombie (D:5)
  2 howler monkey zombies (D:6)
  23 gnolls
  A howler monkey skeleton (D:9)
  8 adders
  6 scorpion zombies (Ossuary)
  2 shadow imps
  5 white imps
  An ufetubus (D:3)
  2 oozes
  An adder zombie (D:10)
  An adder skeleton (D:9)
  3 worms
  A dart slug (D:1)
  5 leopard geckos
  116 orcs
  7 giant cockroaches
  A gnoll zombie (Ossuary)
  21 goblins
  19 hobgoblins
  A jackal (D:6)
  7 quokkas
  2 ball pythons
  13 bats
  8 frilled lizards
  2 goblin zombies (Ossuary)
  3 hobgoblin zombies (Ossuary)
  11 kobolds
  2 kobold zombies (Ossuary)
  2 orc zombies (Ossuary)
  A quokka skeleton (D:7)
  9 rats
688 creatures vanquished.

Vanquished Creatures (others)
  A jelly (D:14)
  A scorpion zombie (Ossuary)
  A plant (D:13)
3 creatures vanquished.

Grand Total: 691 creatures vanquished

Notes
Turn   | Place    | Note
-------+----------+-------------------------------------------
     0 | D:1      | hawla the Deep Elf Conjurer began the quest for the Orb.
     0 | D:1      | Reached XP level 1. HP: 10/10 MP: 6/6
   273 | D:1      | Reached XP level 2. HP: 15/15 MP: 6/8
   309 | D:1      | Learned a level 2 spell: Searing Ray
   437 | D:1      | Reached skill level 1 in Translocations
   544 | D:1      | Reached skill level 1 in Fire Magic
   840 | D:1      | Reached XP level 3. HP: 20/20 MP: 6/9
   911 | D:1      | You fall into a shaft and drop 1 floor!
  1038 | D:2      | Reached skill level 1 in Fighting
  1266 | D:2      | Gained mutation: You are partially covered in icy blue
                  | scales. (AC +2) [potion of mutation]
  1266 | D:2      | Gained mutation: Scrolls take you a little longer to read.
                  | [potion of mutation]
  1266 | D:2      | Gained mutation: Your spells are a little harder to cast,
                  | but a little more powerful. [potion of mutation]
  1266 | D:2      | Gained mutation: Your mind is acute. (Int +2) [potion of
                  | mutation]
  1276 | D:2      | Noticed Jessica
  1279 | D:2      | Killed Jessica
  1280 | D:2      | Reached XP level 4. HP: 25/25 MP: 8/11
  1285 | D:2      | Learned a level 4 spell: Iskenderun's Mystic Blast
  2011 | D:3      | Reached skill level 5 in Conjurations
  2033 | D:3      | Reached XP level 5. HP: 24/29 MP: 6/13
  2330 | D:3      | Reached XP level 6. HP: 35/35 MP: 9/14
  2692 | D:4      | Got a smoking copper ring
  2726 | D:4      | Reached skill level 5 in Spellcasting
  2824 | D:4      | Found Huel's Antique Weapon Boutique.
  2932 | D:4      | Found a runed translucent door.
  2933 | D:4      | Noticed Crazy Yiuf
  3288 | D:4      | Killed Crazy Yiuf
  3306 | D:4      | Identified the ring of Exoiga {+Fly rElec rF+ Dex+3} (You
                  | found it on level 4 of the Dungeon)
  3309 | D:4      | Lost strength.
  3345 | D:5      | Entered Level 5 of the Dungeon
  3351 | D:5      | Found Cijar's Distillery.
  3360 | D:5      | Found a transporter.
  3363 | D:5      | Bought a potion of might for 52 gold pieces
  3363 | D:5      | Bought a potion of mutation for 104 gold pieces
  3363 | D:5      | Lost mutation: Your spells are a little harder to cast, but
                  | a little more powerful. [potion of mutation]
  3363 | D:5      | Lost mutation: Scrolls take you a little longer to read.
                  | [potion of mutation]
  3363 | D:5      | Gained mutation: You are occasionally teleported next to
                  | monsters. [potion of mutation]
  3363 | D:5      | Gained mutation: Your body sometimes deteriorates upon
                  | taking damage. [potion of mutation]
  3363 | D:5      | Gained mutation: You have a pair of small horns on your
                  | head. [potion of mutation]
  3401 | D:5      | Noticed an ancient zyme
  3748 | D:5      | Reached XP level 7. HP: 31/39 MP: 13/17
  3928 | D:5      | Found a one-way gate to the infinite horrors of the Abyss.
  3941 | D:5      | Found a transporter.
  4336 | D:5      | Noticed Ekaitz's ghost (amateur DEEE)
  4921 | D:6      | Reached skill level 1 in Staves
  6255 | D:6      | Reached skill level 5 in Stealth
  6255 | D:6      | Reached XP level 8. HP: 32/44 MP: 13/20
  7306 | D:6      | Found a shadowy altar of Dithmenos.
  7396 | D:6      | Found a radiant altar of Vehumet.
  7401 | D:6      | Became a worshipper of Vehumet
  7493 | D:7      | Reached XP level 9. HP: 42/49 MP: 3/23
  7534 | D:7      | Found a sand-covered staircase.
  7538 | Ossuary  | Entered an ossuary
  7694 | Ossuary  | Reached * piety under Vehumet
  7694 | Ossuary  | Offered knowledge of Freeze by Vehumet.
  8160 | Ossuary  | Reached ** piety under Vehumet
  8161 | Ossuary  | Offered knowledge of Sandblast by Vehumet.
  8560 | D:7      | Identified the Volume of Mutagenic Conjuration
  8610 | D:7      | Reached skill level 5 in Dodging
  8623 | D:7      | Reached skill level 5 in Staves
  9008 | D:7      | Found a hazy altar of Hepliaklqana.
  9038 | D:7      | Found a burning altar of Makhleb.
  9055 | D:7      | Reached XP level 10. HP: 35/56 MP: 18/25
  9182 | D:7      | Found a staircase to the Ecumenical Temple.
  9187 | D:7      | Offered knowledge of Inner Flame by Vehumet.
  9204 | Temple   | Entered the Ecumenical Temple
  9643 | D:8      | Reached *** piety under Vehumet
  9928 | D:8      | Found an iron altar of Okawaru.
  9928 | D:8      | Found a faded altar of an unknown god.
  9936 | D:8      | Found a stormy altar of Qazlal.
  9938 | D:8      | Found a faded altar of an unknown god.
  9940 | D:8      | Found a hide-covered altar of Uskayaw.
 10144 | D:9      | Found Laed's Armour Shop.
 10381 | D:9      | Found Ennapt's Armour Shoppe.
 10470 | D:9      | Found Haluahum's Book Boutique.
 11385 | D:9      | Offered knowledge of Static Discharge by Vehumet.
 11548 | D:10     | Entered Level 10 of the Dungeon
 11674 | D:10     | Killed an unseen horror
 11675 | D:10     | Reached skill level 10 in Spellcasting
 11675 | D:10     | Reached skill level 5 in Translocations
 11801 | D:10     | Found a staircase to the Orcish Mines.
 12078 | D:10     | Reached **** piety under Vehumet
 12265 | D:10     | Reached XP level 11. HP: 46/61 MP: 20/27
 12267 | D:10     | Offered knowledge of Ignite Poison by Vehumet.
 12409 | D:10     | Noticed a deep elf mage
 12409 | D:10     | Noticed an orc knight
 12418 | D:10     | Killed a deep elf mage
 12421 | D:10     | Killed an orc knight
 12730 | D:10     | Found a shimmering altar of Xom.
 12820 | D:10     | Found a staircase to the Lair.
 12910 | D:11     | Reached skill level 10 in Stealth
 13214 | D:11     | Reached ***** piety under Vehumet
 13287 | D:11     | Offered knowledge of Yara's Violent Unravelling by Vehumet.
 13708 | D:11     | Found Hekon's Gadget Shop.
 13858 | D:12     | Noticed a boulder beetle
 13872 | D:12     | Killed a boulder beetle
 14149 | D:12     | HP: 3/62 [komodo dragon (24)]
 14166 | D:13     | Noticed a centaur warrior
 14439 | D:12     | Reached skill level 1 in Throwing
 15309 | D:12     | Noticed a two-headed ogre
 15315 | D:12     | Noticed a five-headed hydra
 15319 | D:12     | Killed a two-headed ogre
 15325 | D:12     | Killed a five-headed hydra
 15326 | D:12     | Reached XP level 12. HP: 52/68 MP: 11/29
 15329 | D:12     | Learned a level 2 spell: Blink
 15333 | D:12     | Learned a level 3 spell: Conjure Flame
 15527 | D:9      | Bought the +5 robe of Quantum Leap {Str+4} for 493 gold
                  | pieces
 15664 | D:5      | Killed Ekaitz's ghost
 16106 | D:13     | Reached skill level 1 in Evocations
 16117 | D:13     | Reached skill level 5 in Fighting
 16341 | D:13     | Reached skill level 10 in Conjurations
 16348 | D:13     | Noticed a vault guard
 16350 | D:13     | Killed a centaur warrior
 16353 | D:13     | Noticed a vault guard
 16366 | D:13     | Killed a vault guard
 16367 | D:13     | Reached skill level 5 in Fire Magic
 16369 | D:13     | Killed a vault guard
 16377 | D:13     | Noticed a vault guard
 16586 | D:13     | Killed a vault guard
 16587 | D:13     | Reached skill level 10 in Staves
 16592 | D:13     | Noticed an eight-headed hydra
 16603 | D:13     | Killed an eight-headed hydra
 16604 | D:13     | Reached XP level 13. HP: 62/72 MP: 14/31
 17308 | D:13     | You fall into a shaft and drop 2 floors!
 17308 | D:15     | Entered Level 15 of the Dungeon
 17308 | D:15     | Noticed Kirke
 17491 | D:14     | Lost mutation: Your body sometimes deteriorates upon taking
                  | damage. [potion of mutation]
 17491 | D:14     | Lost mutation: You are partially covered in icy blue
                  | scales. (AC +2) [potion of mutation]
 17491 | D:14     | Gained mutation: Your muscles are strong. (Str +2) [potion
                  | of mutation]
 17491 | D:14     | Gained mutation: You have a somewhat thin skeletal
                  | structure. (Dex +2, Stealth) [potion of mutation]
 17960 | D:13     | Found a blossoming altar of Fedhas.
 18024 | D:13     | Found a gate to the Vaults.
 18300 | D:14     | Reached skill level 10 in Dodging
 18612 | D:14     | Offered knowledge of Orb of Destruction by Vehumet.
 19487 | D:14     | Found a portal to a secret trove of treasure.
 19546 | D:14     | Found a shimmering blue altar of Sif Muna.
 19894 | D:15     | Noticed a fire dragon
 19926 | D:15     | Found a white marble altar of Elyvilon.
 20153 | D:15     | Killed a fire dragon
 20198 | D:15     | Found a staircase to the Depths.
 20252 | D:15     | Killed Kirke
 20988 | Orc:1    | Entered Level 1 of the Orcish Mines
 20988 | Orc:1    | Found a flagged portal.
 21005 | Orc:1    | Found Doxesex's Book Shoppe.
 21020 | Bailey   | Entered a bailey
 21159 | Bailey   | Found an iron altar of Okawaru.
 21168 | Bailey   | Reached XP level 14. HP: 78/78 MP: 22/32
 21719 | Bailey   | Got a pearl-encrusted leather armour
 21720 | Bailey   | Identified the +1 leather armour of the Valley {-Cast *Slow
                  | rF+++ Str+4} (You found it in a bailey)
 21731 | Orc:1    | Acquired a +0 pair of boots of running
 21828 | Orc:1    | You fall into a shaft and drop 1 floor!
 21828 | Orc:2    | Entered Level 2 of the Orcish Mines
 21828 | Orc:2    | Found Yhodui's Armour Emporium.
 21891 | Orc:1    | Found Befic's Jewellery Shoppe.
 21934 | Orc:1    | Found Jeit's Assorted Antiques.
 22076 | Orc:1    | Offered knowledge of Eringya's Noxious Bog by Vehumet.
 22077 | Orc:1    | Noticed a stone giant
 22081 | Orc:1    | Reached ****** piety under Vehumet
 22340 | Orc:1    | Found Cesukkop's Book Shop.
 22346 | Orc:1    | Found Sodoisor's Distillery.
 22590 | Orc:2    | Noticed Erolcha
 22606 | Orc:2    | Killed Erolcha
 22721 | Orc:2    | Found a roughly hewn altar of Beogh.
 22946 | Orc:2    | Found Sumatot's Distillery.
 22956 | Orc:2    | Found Oxiniuk's Magic Scroll Emporium.
 23030 | Orc:1    | Noticed a stone giant
 23060 | Orc:1    | Paralysed by an orc sorcerer for 7 turns
 23066 | Orc:1    | HP: 4/117 [orc warrior/+0 halberd (14)]
 23067 | Orc:1    | Mangled by an orc warrior

Illustrated notes

Levels and vault maps discovered:
D:1:      matt_arrival_refuge, layout_basic, minmay_tetromino_l4
D:2:      layout_loops_cross, uniq_jessica
D:3:      layout_rooms, hangedman_abyss_or_decor_stabs
D:4:      layout_loops_ring, serial_shops, nicolae_shop_crystal,
          uniq_crazy_yiuf_cottage
D:5:      layout_basic, gammafunk_ghost_abyssal_escape, serial_shops,
          nicolae_shop_crystal
D:6:      layout_cave_pods, kennysheep_mini, basic_altar
D:7:      layout_rooms, old_standard_altar, nzn_hepliaklqana_mist_gate,
          minmay_temple_entry_drinking_statues, enter_ossuary_5,
          minmay_a_box_with_orc_wizards_in_it
D:8:      layout_rooms, chequers_temple_overflow_minitemple
D:9:      layout_basic, serial_shops, kennysheep_little_box, nicolae_shop_trees,
          nicolae_shop_crystal
D:10:     minmay_bloctagon_deflated, layout_loops_corners, lair_entry_dummy,
          david_orc_1_choice, tgw_xom
D:11:     layout_loops_ring, serial_shops, nicolae_shop_waterfront,
          palyth_stone_intersect
D:12:     layout_basic, minmay_quadrilaterals
D:13:     layout_roguey, grunt_vaults_entry_tiered, fedhas_altar_1
D:14:     layout_irregular_city, enter_trove_2, tgw_sif
D:15:     grunt_enter_depths_hoard, layout_loops_ring, minmay_misc_feat_room,
          elyvilon_altar_4, uniq_kirke
Temple:   lightli_temple_of_artemis
Orc:1:    layout_diamond_mine, serial_shops, shop, shop_coins, shop, shop,
          nicolae_shop_crystal, enter_bailey_1, minmay_orc_temple_c
Orc:2:    pf_orc_diabolical, layout_caves, serial_shops, shop,
          nicolae_orc_flooded_monolith, kennysheep_orc_chapel, uniq_erolcha

Skill      XL: |  1  2  3  4  5  6  7  8  9 10 11 12 13 14 |
---------------+-------------------------------------------+-----
Translocations | 1 2 4 5 6 7 |  7.0
Fire Magic     | 1 2 5 8 9 |  9.0
Fighting       | 1 2 3 4 5 |  5.0
Spellcasting   | 4 5 6 8 9 10 11 12 | 12.0
Conjurations   | 5 6 7 8 9 10 | 10.0
Stealth        | 3 5 7 9 10 11 13 | 13.0
Staves         | 1 2 5 7 8 10 11 13 | 13.2
Dodging        | 4 5 6 7 9 11 | 11.0
Throwing       | 1 2 |  2.0
Evocations     | 1 |  1.0

Action                   |  1- 3 |  4- 6 |  7- 9 | 10-12 | 13-15 || total
-------------------------+-------+-------+-------+-------+-------++-------
Melee: Unarmed           |       |     1 |       |       |       ||     1
       Quarterstaff      |       |     2 |    92 |   251 |   138 ||   483
       Headbutt          |       |       |    13 |    39 |    26 ||    78
Throw: Dart              |       |       |       |     7 |    14 ||    21
 Cast: Magic Dart        |    46 |    29 |     8 |    21 |    30 ||   134
       Searing Ray       |    16 |    32 |    44 |    56 |    72 ||   220
       Iskenderun's Myst |       |       |    35 |   121 |   160 ||   316
       Conjure Flame     |       |       |       |       |    13 ||    13
Evoke: Wand              |       |       |       |     3 |     3 ||     6
  Use: Scroll            |     3 |    10 |    16 |    11 |    11 ||    51
       Potion            |     1 |     2 |     1 |     4 |     7 ||    15
 Stab: Sleeping          |       |       |     7 |    22 |     7 ||    36
       Confused          |       |       |     1 |     1 |       ||     2
       Paralysed         |       |       |     2 |     3 |       ||     5
       Distracted        |       |       |       |     3 |       ||     3
Armor: Robe              |     3 |     5 |    70 |   110 |    50 ||   238
       Skin              |       |       |       |       |    12 ||    12
Dodge: Dodged            |    10 |     8 |   162 |   269 |   179 ||   628
